AoeStats
← O grande

Arabia

507817013Analyzed
1v1 RM · 11d ago on Sep 19, 2026· 46m 16s· 2 players
Game mode
Random Map
Map size
Tiny (2 player)
Population
200
Speed
Normal
Resources
Standard
Victory
Conquest
Starting age
Dark Age
Ending age
Imperial Age
RankedLock teamsTeams togetherTeam positionsShared explorationLock speedFull tech treeHidden civsTurbo modeCheats
Victory
Defeat
🇧🇷 Mongols · Brazil
2036
+16
🇫🇷 Tupi · France
2031
-16
guimbo
6:03 Loom
8:47 Feudal Age
9:08 Champi Runner
23:07 Castle Age
21:38 Fletching
22:16 Padded Archer Armor
24:05 Bodkin Arrow
24:37 Elite Skirmisher
26:19 Leather Archer Armor
31:30 Double-Bit Axe
31:25 Horse Collar
36:09 Scale Mail Armor
36:11 Squires
35:57 Arson
35:40 Champi Warrior
37:11 Chain Mail Armor
37:06 Forging
37:31 Town Watch
38:50 Gold Mining
39:10 Bow Saw
41:44 Wheelbarrow
O grande
8:16 Feudal Age
8:19 Man-at-Arms
15:08 Town Watch
15:10 Loom
16:05 Double-Bit Axe
18:08 Town Watch
18:28 Fletching
23:43 Castle Age
22:15 Horse Collar
22:57 Gold Mining
23:09 Padded Archer Armor
23:44 Crossbowman
24:40 Bodkin Arrow
25:45 Bow Saw
30:11 Heavy Plow
30:45 Scale Barding Armor
31:34 Bloodlines
32:28 Wheelbarrow
34:50 Stone Mining
36:12 Hand Cart
38:51 Imperial Age
37:02 Stone Shaft Mining
38:03 Husbandry
38:29 Chain Barding Armor
38:50 Gold Shaft Mining
39:01 Ballistics
38:04 Light Cavalry
40:11 Bracer
42:19 Chemistry
44:11 Forging
44:21 Hussar
44:25 Elite Steppe Lancer
45:58 Iron Casting
45:42 Thumb Ring
46:03 Parthian Tactics
Connection lost

Rejoining the realm…

Still unreachable

The connection could not be restored.

Session expired

The server has moved on; the page needs a fresh start.